AoeStats
← Springles

Arena

509452035Analyzed
1v1 RM · 4d ago on Sep 26, 2026· 49m 54s· 2 players
Game mode
Random Map
Map size
Tiny (2 player)
Population
200
Speed
Normal
Resources
Standard
Victory
Conquest
Starting age
Dark Age
Ending age
Imperial Age
RankedLock teamsTeams togetherTeam positionsShared explorationLock speedFull tech treeHidden civsTurbo modeCheats
Victory
Defeat
🇹🇷 Inca · Türkiye
1535
+19
🇦🇷 Romans · Argentina
1601
-19
Trickle
6:28 Loom
8:54 Feudal Age
10:10 Double-Bit Axe
16:18 Fletching
21:04 Castle Age
22:15 Bow Saw
22:14 Horse Collar
22:51 Bodkin Arrow
24:47 Wheelbarrow
25:37 Gold Mining
28:28 Heavy Plow
32:56 Imperial Age
30:43 Padded Archer Armor
30:52 Thumb Ring
32:01 Ballistics
31:37 Stone Mining
32:40 Leather Archer Armor
33:04 Hand Cart
33:40 Forging
33:31 Scale Mail Armor
33:47 Bracer
34:17 Ring Archer Armor
33:30 Onager
35:55 Chemistry
35:21 Squires
34:41 Champi Runner
35:38 Chain Mail Armor
35:33 Forging
34:58 Pikeman
36:32 Conscription
36:20 Andean Sling
36:02 Halberdier
37:17 Siege Engineers
38:17 Gold Shaft Mining
38:13 Crop Rotation
37:16 Champi Warrior
39:28 Plate Mail Armor
39:34 Iron Casting
38:53 Elite Champi Warrior
40:24 Sanctity
40:36 Masonry
40:23 Murder Holes
40:08 Treadmill Crane
41:06 Ring Archer Armor
45:04 Fabric Shields
48:09 Stone Shaft Mining
48:22 Fortified Wall
47:59 Arrowslits
48:51 Guard Tower
49:29 Block Printing
49:51 Hoardings
50:56 Blast Furnace
Springles
9:41 Feudal Age
11:28 Loom
15:24 Castle Age
13:48 Double-Bit Axe
30:15 Wheelbarrow
33:07 Imperial Age
32:14 Ballistas
32:26 Scale Barding Armor
33:41 Bloodlines
34:14 Conscription
36:18 Chemistry
36:57 Bow Saw
37:11 Ballistics
38:14 Siege Engineers
39:33 Heavy Scorpion
41:29 Comitatenses
42:27 Chain Barding Armor
42:35 Forging
42:32 Elite Centurion
44:15 Scale Mail Armor
44:51 Iron Casting
44:22 Pikeman
44:24 Man-at-Arms
45:04 Squires
45:01 Long Swordsman
46:18 Chain Mail Armor
46:14 Legionary
50:59 Blast Furnace
Connection lost

Rejoining the realm…

Still unreachable

The connection could not be restored.

Session expired

The server has moved on; the page needs a fresh start.